BSA
PLYMOUTH ROCKS @ HENDERSONVILLE HITMEN
06/16/2026
 
TOP OF THE 1ST
Plymouth Rocks batting - Pitching for Hendersonville Hitmen : RHP Jorge Pérez
Pitching: RHP Jorge Pérez
Batting: RHB Luis Sánchez 0-0: Called Strike
0-1: Ball
1-1: Called Strike
1-2: Ball
2-2: Foul Ball, location: 2F
2-2: Ball
3-2: Fly out, F7 (Flyball, 7LM)
Batting: RHB António Zúńiga 0-0: Called Strike
0-1: Swinging Strike
0-2: Foul Ball, location: 2F
0-2: Ball
1-2: Ball
2-2: Ball
3-2: Ground out 4-3 (Groundball, 4)
Batting: LHB Roy Patrick 0-0: Ball
1-0: Ball
2-0: Swinging Strike
2-1: Foul Ball, location: 2F
2-2: Ball
3-2: SOLO HOME RUN (Flyball, 7D), Distance : 390 ft
Batting: SHB Greg Welch 0-0: Foul Ball, location: 2F
0-1: Ball
1-1: SINGLE (Groundball, 23) (infield hit)
Batting: RHB António Gonzáles 0-0: Ball
1-0: Ball
2-0: Ball
3-0: Called Strike
3-1: Fly out, F7 (Line Drive, 78M)
Top of the 1st over - 1 run(s), 2 hit(s), 0 error(s), 1 left on base; Plymouth 1 - Hendersonville 0
BOTTOM OF THE 1ST
Hendersonville Hitmen batting - Pitching for Plymouth Rocks : RHP Scott Walker
Pitching: RHP Scott Walker
Batting: RHB Eduardo García 0-0: Called Strike
0-1: Called Strike
0-2: DOUBLE (Line Drive, 9LM)
Batting: RHB Bill Mark 0-0: Ball
1-0: Ball
2-0: Foul Ball, location: 2F
2-1: Ground out 5-3 (Groundball, 5L)
Batting: RHB Manolo Román 0-0: Called Strike
0-1: 2-RUN HOME RUN (Flyball, 7D), Distance : 407 ft
Batting: LHB Tony Abete 0-0: Ball
1-0: Ground out 3-1 (Groundball, 34)
Batting: LHB José Flores 0-0: Ball
1-0: Called Strike
1-1: DOUBLE (Line Drive, 78S)
Batting: LHB Pedro Gonzáles 0-0: Called Strike
0-1: Ball
1-1: Ground out 3-1 (Groundball, 34S)
Bottom of the 1st over - 2 run(s), 3 hit(s), 0 error(s), 1 left on base; Plymouth 1 - Hendersonville 2
TOP OF THE 2ND
Plymouth Rocks batting - Pitching for Hendersonville Hitmen : RHP Jorge Pérez
Batting: LHB Barrett Waters 0-0: Ball
1-0: Reached on error, E3 (Groundball, 34)
Batting: LHB Roger Moore 0-0: Called Strike
0-1: Ball
1-1: Ground out 6-3 (Groundball, 6)
Batting: RHB José Flores 0-0: Foul Ball, location: 2F
0-1: Swinging Strike
0-2: Foul Ball, location: 2F
0-2: Ground out 5-3 (Groundball, 56S)
Barrett Waters to third
Batting: RHB Anthony Rucker 0-0: Called Strike
0-1: Called Strike
0-2: Ball
1-2: Fly out, F7 (Flyball, 78M)
Top of the 2nd over - 0 run(s), 0 hit(s), 1 error(s), 1 left on base; Plymouth 1 - Hendersonville 2
BOTTOM OF THE 2ND
Hendersonville Hitmen batting - Pitching for Plymouth Rocks : RHP Scott Walker
Batting: SHB David Johnstone 0-0: SOLO HOME RUN (Flyball, 9D), Distance : 398 ft
Batting: RHB Taylor McFarland 0-0: Ball
1-0: Called Strike
1-1: SINGLE (Line Drive, 7LS)
Batting: RHB Robert Bly 0-0: Called Strike
Throwing error on steal attempt, E2
Taylor McFarland to third
0-1: Ball
1-1: Ball
2-1: Ball
3-1: Foul Ball, location: 2F
3-2: Fly out, F9 (Flyball, 9D)
Runner from 3rd tags up, SCORES, no throw
Batting: RHB Eduardo García 0-0: Called Strike
0-1: Ball
1-1: Foul Ball, location: 2F
1-2: Ground out 1-3 (Groundball, 3S)
Batting: RHB Bill Mark 0-0: Ball
1-0: Ball
2-0: Swinging Strike
2-1: Foul Ball, location: 2F
2-2: Ball
3-2: SINGLE (Groundball, 56D)
Batting: RHB Manolo Román 0-0: Ball
1-0: SINGLE (Groundball, 6M)
Bill Mark to second
Runner from 2nd tries for 3rd, SAFE, throw made to third
Batting: LHB Tony Abete 0-0: Called Strike
0-1: Ball
Wild Pitch!
Bill Mark scores
Manolo Román to second
1-1: DOUBLE (Line Drive, 9D)
Manolo Román scores
Batting: LHB José Flores 0-0: Ball
1-0: Ball
2-0: Ball
3-0: Fly out, F7 (Flyball, 7D)
Bottom of the 2nd over - 4 run(s), 5 hit(s), 1 error(s), 1 left on base; Plymouth 1 - Hendersonville 6
TOP OF THE 3RD
Plymouth Rocks batting - Pitching for Hendersonville Hitmen : RHP Jorge Pérez
Batting: RHB Luis Sánchez 0-0: Ball
1-0: Ball
2-0: Foul Ball, location: 2F
2-1: Ground out 1-3 (Groundball, 15)
Batting: RHB António Zúńiga 0-0: Foul Ball, location: 2F
0-1: Ball
1-1: Ground out 2-3 (Groundball, 25)
Batting: LHB Roy Patrick 0-0: Called Strike
0-1: SOLO HOME RUN (Line Drive, 78XD), Distance : 421 ft
Batting: SHB Greg Welch 0-0: SOLO HOME RUN (Flyball, 89XD), Distance : 433 ft
Batting: RHB António Gonzáles 0-0: SINGLE (Line Drive, 78M)
Batting: LHB Barrett Waters 0-0: Foul Ball, location: 2F
0-1: Ball
1-1: Ball
2-1: Ground out 4-3 (Groundball, 34)
Top of the 3rd over - 2 run(s), 3 hit(s), 0 error(s), 1 left on base; Plymouth 3 - Hendersonville 6
BOTTOM OF THE 3RD
Hendersonville Hitmen batting - Pitching for Plymouth Rocks : RHP Scott Walker
Batting: LHB Pedro Gonzáles 0-0: Ball
1-0: Swinging Strike
1-1: Called Strike
1-2: Fly out, F8 (Flyball, 8LXD)
Batting: SHB David Johnstone 0-0: Ball
1-0: Called Strike
1-1: Fly out, F7 (Flyball, 7S)
Batting: RHB Taylor McFarland 0-0: Ball
1-0: Ball
2-0: Ground out 4-3 (Groundball, 4)
Bottom of the 3rd over - 0 run(s), 0 hit(s), 0 error(s), 0 left on base; Plymouth 3 - Hendersonville 6
TOP OF THE 4TH
Plymouth Rocks batting - Pitching for Hendersonville Hitmen : RHP Jorge Pérez
Batting: LHB Roger Moore 0-0: SINGLE (Groundball, 34S)
Batting: RHB José Flores 0-0: Called Strike
0-1: Ball
Roger Moore steals 2nd base
1-1: Foul Ball, location: 2F
1-2: Ball
2-2: Foul Ball, location: 2F
2-2: Fly out, F8 (Flyball, 8LM)
Batting: RHB Anthony Rucker 0-0: Called Strike
Roger Moore steals 3rd base
0-1: Foul Ball, location: 2F
0-2: Ball
1-2: Ball
2-2: Ball
Wild Pitch!
Roger Moore scores
3-2: SINGLE (Groundball, 56D)
Batting: RHB Luis Sánchez 0-0: Ball
1-0: Called Strike
1-1: SINGLE (Line Drive, 8RS)
Anthony Rucker to second
Batting: RHB António Zúńiga 0-0: Called Strike
0-1: Ball
1-1: Called Strike
1-2: Foul Ball, location: 2F
1-2: Fly out, F3 (Popup, 3F)
Batting: LHB Roy Patrick 0-0: Ball
1-0: Called Strike
1-1: Ball
2-1: Ball
3-1: Base on Balls
Anthony Rucker to third
Luis Sánchez to second
Pitching: RHP Francisco Carrasco
Batting: SHB Greg Welch 0-0: Ball
1-0: Called Strike
1-1: Swinging Strike
1-2: Foul Ball, location: 2F
1-2: Foul Ball, location: 2F
1-2: SINGLE (Line Drive, 4M)
Anthony Rucker scores
Luis Sánchez to third
Roy Patrick to second
Runner from 3rd tries for Home, SAFE, no throw or cutoff
Batting: RHB António Gonzáles 0-0: Called Strike
0-1: Swinging Strike
0-2: Foul Ball, location: 2F
0-2: Strikes out swinging
Top of the 4th over - 3 run(s), 4 hit(s), 0 error(s), 2 left on base; Plymouth 6 - Hendersonville 6
BOTTOM OF THE 4TH
Hendersonville Hitmen batting - Pitching for Plymouth Rocks : RHP Scott Walker
Pitching: LHP Carl Lewis
Batting: RHB Robert Bly 0-0: Called Strike
0-1: Called Strike
0-2: Fly out, F6 (Popup, 6D)
Batting: RHB Eduardo García 0-0: SINGLE (Line Drive, 3)
Batting: RHB Bill Mark 0-0: Ball
1-0: Ball
2-0: Foul Ball, location: 2F
2-1: SINGLE (Line Drive, 4D)
Eduardo García to second
Batting: RHB Manolo Román 0-0: Ball
1-0: Ball
2-0: Ball
3-0: Base on Balls
Eduardo García to third
Bill Mark to second
Batting: LHB Tony Abete 0-0: Fly out, F5 (Popup, 5SF)
Batting: LHB José Flores 0-0: Called Strike
0-1: SINGLE (Line Drive, 6)
Eduardo García scores
Bill Mark to third
Manolo Román to second
Runner from 3rd tries for Home, SAFE, no throw or cutoff
Batting: LHB Pedro Gonzáles 0-0: Called Strike
0-1: Foul Ball, location: 2F
0-2: Ball
1-2: Fly out, F8 (Line Drive, 8LM)
Bottom of the 4th over - 2 run(s), 3 hit(s), 0 error(s), 2 left on base; Plymouth 6 - Hendersonville 8
TOP OF THE 5TH
Plymouth Rocks batting - Pitching for Hendersonville Hitmen : RHP Francisco Carrasco
Batting: LHB Barrett Waters 0-0: Ball
1-0: Swinging Strike
1-1: Ground out 5-3 (Groundball, 5L)
Batting: LHB Roger Moore 0-0: SINGLE (Groundball, 34D)
Batting: RHB José Flores 0-0: SINGLE (Line Drive, 78S)
Roger Moore to second
Batting: RHB Anthony Rucker 0-0: Ball
1-0: Called Strike
1-1: Foul Ball, location: 2F
1-2: Ball
2-2: Grounds into double play, 4-6-3 (Groundball, 4)
Top of the 5th over - 0 run(s), 2 hit(s), 0 error(s), 1 left on base; Plymouth 6 - Hendersonville 8
BOTTOM OF THE 5TH
Hendersonville Hitmen batting - Pitching for Plymouth Rocks : LHP Carl Lewis
Batting: SHB David Johnstone 0-0: Called Strike
0-1: Ball
1-1: Fly out, F9 (Flyball, 89S)
Batting: RHB Taylor McFarland 0-0: Called Strike
0-1: Called Strike
0-2: Strikes out swinging
Batting: RHB Robert Bly 0-0: Called Strike
0-1: Foul Ball, location: 2F
0-2: Ball
1-2: Ball
2-2: Ball
3-2: SINGLE (Line Drive, 6MD)
Batting: RHB Eduardo García 0-0: Called Strike
0-1: Reached on error, E6 (Groundball, 56)
Robert Bly to second
Batting: RHB Bill Mark 0-0: Ball
1-0: Swinging Strike
1-1: Foul Ball, location: 2F
1-2: SINGLE (Groundball, 5D)
Robert Bly to third
Eduardo García to second
Runner from 3rd tries for Home, SAFE, throw made home
Eduardo García to third
Bill Mark to second
Batting: RHB Manolo Román 0-0: Ball
1-0: Foul Ball, location: 2F
1-1: Ball
2-1: SINGLE (Groundball, 56)
Eduardo García scores
Bill Mark to third
Runner from 3rd tries for Home, SAFE, no throw or cutoff
Pitching: RHP Luis Cortéz
Batting: LHB Tony Abete 0-0: Ball
1-0: Swinging Strike
1-1: Called Strike
1-2: Foul Ball, location: 2F
1-2: Foul Ball, location: 2F
1-2: Strikes out swinging
Bottom of the 5th over - 3 run(s), 3 hit(s), 1 error(s), 1 left on base; Plymouth 6 - Hendersonville 11
TOP OF THE 6TH
Plymouth Rocks batting - Pitching for Hendersonville Hitmen : RHP Francisco Carrasco
Batting: RHB Luis Sánchez 0-0: Foul Ball, location: 2F
0-1: Ball
1-1: Called Strike
1-2: Ground out 6-3 (Groundball, 6)
Batting: RHB António Zúńiga 0-0: Called Strike
0-1: Ball
1-1: SINGLE (Line Drive, 7S)
Batting: LHB Roy Patrick 0-0: Called Strike
0-1: Called Strike
0-2: Ball
1-2: Ball
2-2: Strikes out swinging
Batting: SHB Greg Welch 0-0: Ball
1-0: Foul Ball, location: 2F
1-1: Ball
2-1: Ground out 4-3 (Groundball, 4)
Top of the 6th over - 0 run(s), 1 hit(s), 0 error(s), 1 left on base; Plymouth 6 - Hendersonville 11
BOTTOM OF THE 6TH
Hendersonville Hitmen batting - Pitching for Plymouth Rocks : RHP Luis Cortéz
Batting: LHB José Flores 0-0: Ball
1-0: Called Strike
1-1: Ball
2-1: Ball
3-1: Base on Balls
Batting: LHB Pedro Gonzáles 0-0: Ball
1-0: Ball
José Flores is caught stealing 2nd base
2-0: Foul Ball, location: 2F
2-1: Fly out, F7 (Flyball, 78M)
Batting: SHB David Johnstone 0-0: Ball
1-0: Fly out, F7 (Flyball, 7S)
Bottom of the 6th over - 0 run(s), 0 hit(s), 0 error(s), 0 left on base; Plymouth 6 - Hendersonville 11
TOP OF THE 7TH
Plymouth Rocks batting - Pitching for Hendersonville Hitmen : RHP Francisco Carrasco
Pitching: RHP Robinson Gonzáles
Batting: RHB António Gonzáles 0-0: Ball
1-0: Ball
2-0: Swinging Strike
2-1: Foul Ball, location: 2F
2-2: SINGLE (Groundball, 6MD)
Batting: LHB Barrett Waters 0-0: Called Strike
0-1: Swinging Strike
0-2: Ball
1-2: Strikes out swinging
Batting: LHB Roger Moore 0-0: Ground out 3-1 (Groundball, 34S)
António Gonzáles to second
Batting: RHB José Flores 0-0: Called Strike
0-1: Swinging Strike
0-2: Ball
1-2: Strikes out swinging
Top of the 7th over - 0 run(s), 1 hit(s), 0 error(s), 1 left on base; Plymouth 6 - Hendersonville 11
BOTTOM OF THE 7TH
Hendersonville Hitmen batting - Pitching for Plymouth Rocks : RHP Luis Cortéz
Batting: RHB Taylor McFarland 0-0: Called Strike
0-1: Ball
1-1: Ball
2-1: Ball
3-1: Ground out 4-3 (Groundball, 34)
Batting: RHB Robert Bly 0-0: SINGLE (Flyball, 9LM)
Batting: RHB Eduardo García 0-0: Called Strike
0-1: Ball
1-1: Foul Ball, location: 2F
1-2: Fly out, F7 (Flyball, 7D)
Batting: RHB Bill Mark 0-0: Ball
1-0: Called Strike
1-1: Ball
2-1: SINGLE (Flyball, 89S)
Robert Bly to second
Runner from 2nd tries for 3rd, SAFE, throw made to third
Batting: RHB Manolo Román 0-0: Called Strike
0-1: Fly out, F8 (Flyball, 8LD)
Bottom of the 7th over - 0 run(s), 2 hit(s), 0 error(s), 2 left on base; Plymouth 6 - Hendersonville 11
TOP OF THE 8TH
Plymouth Rocks batting - Pitching for Hendersonville Hitmen : RHP Robinson Gonzáles
Batting: RHB Anthony Rucker 0-0: Called Strike
0-1: Called Strike
0-2: Ball
1-2: Strikes out swinging
Batting: RHB Luis Sánchez 0-0: Called Strike
0-1: Ball
1-1: Swinging Strike
1-2: Strikes out swinging
Batting: RHB António Zúńiga 0-0: Called Strike
0-1: Fly out, F9 (Flyball, 9LM)
Top of the 8th over - 0 run(s), 0 hit(s), 0 error(s), 0 left on base; Plymouth 6 - Hendersonville 11
BOTTOM OF THE 8TH
Hendersonville Hitmen batting - Pitching for Plymouth Rocks : RHP Luis Cortéz
Pitching: RHP Soichiro Ikeda
Batting: LHB Tony Abete 0-0: Ball
1-0: Called Strike
1-1: Called Strike
1-2: Ball
2-2: Ball
3-2: Base on Balls
Batting: LHB José Flores 0-0: Foul Ball, location: 2F
0-1: Ball
1-1: Ball
2-1: Fly out, F8 (Flyball, 8LD)
Batting: LHB Pedro Gonzáles 0-0: Ball
1-0: Ball
2-0: Ball
3-0: Called Strike
3-1: Fly out, F9 (Flyball, 89M)
Batting: SHB David Johnstone 0-0: Foul Ball, location: 2F
0-1: Ball
1-1: Ball
2-1: Ground out 5-3 (Groundball, 56S)
Bottom of the 8th over - 0 run(s), 0 hit(s), 0 error(s), 1 left on base; Plymouth 6 - Hendersonville 11
TOP OF THE 9TH
Plymouth Rocks batting - Pitching for Hendersonville Hitmen : RHP Robinson Gonzáles
Batting: LHB Roy Patrick 0-0: Ball
1-0: Ball
2-0: Foul Ball, location: 2F
2-1: Foul Ball, location: 2F
2-2: DOUBLE (Line Drive, 9D)
Batting: SHB Greg Welch 0-0: Called Strike
0-1: Ball
1-1: Swinging Strike
Error on foul ball, E2
1-2: Ball
2-2: Ball
3-2: SINGLE (Line Drive, 7S)
Roy Patrick to third
Runner from 3rd tries for Home, SAFE, no throw or cutoff
Batting: RHB António Gonzáles 0-0: Called Strike
0-1: Foul Ball, location: 2F
0-2: SINGLE (Groundball, 25) (infield hit)
Greg Welch to second
Pitching: RHP Edward Cadle
Batting: LHB Barrett Waters 0-0: Foul Ball, location: 2F
0-1: Called Strike
0-2: Ball
1-2: Ball
2-2: Foul Ball, location: 2F
2-2: SINGLE (Line Drive, 7S)
Greg Welch to third
António Gonzáles to second
Batting: LHB Roger Moore 0-0: Ball
1-0: SINGLE (Line Drive, 34D)
Greg Welch scores
António Gonzáles to third
Barrett Waters to second
Batting: RHB José Flores 0-0: Called Strike
0-1: Fly out, F9 (Flyball, 9S)
Batting: RHB Anthony Rucker 0-0: Ball
1-0: Foul Ball, location: 2F
1-1: Ball
2-1: Called Strike
2-2: Fly out, F7 (Flyball, 7M)
Batting: RHB Luis Sánchez 0-0: Ball
1-0: Ball
2-0: Foul Ball, location: 2F
2-1: Ball
3-1: Base on Balls
António Gonzáles scores
Barrett Waters to third
Roger Moore to second
Batting: RHB António Zúńiga 0-0: Ball
1-0: Ball
2-0: Called Strike
2-1: Fielders Choice at 2nd, U4 (Groundball, 4M)
Top of the 9th over - 3 run(s), 5 hit(s), 1 error(s), 3 left on base; Plymouth 9 - Hendersonville 11
Monday, December 5th, 2016 - OOTP Baseball 17.12 Build 75